 Dungeon Crawl Stone Soup version 0.19-a0-330-g034cfd4 (webtiles) character file.

444561 Duffy the Executioner (level 23, -4/216 (217) HPs)
             Began as a Minotaur Skald on May 28, 2016.
             Was the Champion of Makhleb.
             Engulfed by a Tzitzimitl's foul pestilence (6 damage)
             ... summoned by Imyrex
             ... on level 4 of a ziggurat.
             The game lasted 01:41:18 (60390 turns).

Duffy the Executioner (Minotaur Skald)             Turns: 60390, Time: 01:41:18

HP:   -4/216 (217)  AC: 32    Str: 24    XL:     23   Next: 8%
MP:   28/28         EV: 18    Int: 10    God:    Makhleb [******]
Gold: 504           SH:  0    Dex: 13    Spells: 5 memorised, 18 levels left

rFire  + . .     SeeInvis .     a - +6 executioner's axe (venom)
rCold  + . .     Gourm    .     M - +7 chain mail of Evolution {rC+ Regen+ Str+4}
rNeg   . . .     Faith    +     (shield currently unavailable)
rPois  +         Spirit   .     (helmet restricted)
rElec  +         Dismiss  .     K - +2 cloak {MR+}
rCorr  .         Reflect  .     S - +2 pair of gloves
SustAt .         Harm     .     E - +2 pair of boots
MR     ++++.                    u - amulet of faith
Stlth  ..........               n - ring "Wypyghef" {*Drain rElec rPois MR++ Dex-3 Slay+5}
                                H - ring of protection from fire

@: confused, non-regenerating, diseased, incredibly resistant to hostile
enchantments, extremely unstealthy
A: retaliatory headbutt, hooves 1, horns 2
a: Minor Destruction, Lesser Servant of Makhleb, Major Destruction, Greater
Servant of Makhleb, Renounce Religion
}: 2/15 runes: decaying, serpentine


You were on level 4 of a ziggurat.
You worshipped Makhleb.
Makhleb was exalted by your worship.
You were not hungry.

You visited 8 branches of the dungeon, and saw 43 of its levels.
You visited 1 bazaar.
You visited 1 ziggurat, and saw 4 of its levels.
You also visited: Labyrinth, Sewer, Volcano and Wizlab.

You collected 5145 gold pieces.
You spent 4641 gold pieces at shops.


Innate Abilities, Weirdness & Mutations

You reflexively headbutt those who attack you in melee.
You have a pair of horns on your head.
You have large cloven feet.


   Skills:
 - Level 20.4 Fighting
 - Level 26.0 Axes
 - Level 18.0 Armour
 - Level 17.2 Dodging
 - Level 4.5 Spellcasting
 + Level 9.4 Charms
 + Level 9.7 Necromancy
 - Level 6.5 Invocations
 - Level 6.0 Evocations


You had 18 spell levels left.
You knew the following spells:

 Your Spells              Type           Power        Failure   Level  Hunger
a - Regeneration          Chrm/Necr      ###.......   6%          3    ###....
b - Spectral Weapon       Hex/Chrm       ##......     43%         3    ###....
c - Apportation           Tloc           #.........   86%         1    #......
d - Blink                 Tloc           N/A          96%         2    ##.....
e - Passage of Golubria   Tloc           N/A          100%        4    #####..

Inventory:

Hand Weapons
 a - a +6 executioner's axe of venom (weapon)
Armour
 E - a +2 pair of boots (worn)
 K - a +2 cloak of magic resistance (worn)
 M - the +7 chain mail of Evolution (worn) {rC+ Regen+ Str+4}

   It affects your strength (+4).
   It protects you from cold.
   It increases your rate of regeneration.
 S - a +2 pair of gloves (worn)
Jewellery
 n - the ring "Wypyghef" (right hand) {*Drain rElec rPois MR++ Dex-3 Slay+5}

   [ring of poison resistance]

   It affects your dexterity (-3).
   It affects your accuracy and damage with ranged weapons and melee attacks
   (+5).
   It insulates you from electricity.
   It protects you from poison.
   It affects your resistance to hostile enchantments.
   It causes draining when unequipped.
 u - an amulet of faith (around neck)
 F - an uncursed ring of resist corrosion
 G - an uncursed ring of protection from cold
 H - a ring of protection from fire (left hand)
 O - the ring of Noona {rN+ Stlth-}

   [ring of loudness]

   It protects you from negative energy.
   It makes you less stealthy.
Wands
 x - a wand of heal wounds (9/9)
 y - a wand of digging (12/24)
 R - a wand of acid (8/15)
 T - a wand of disintegration (6/24)
 V - a wand of hasting (8/9)
Scrolls
 e - 5 scrolls of identify
 f - 10 scrolls of fog
 g - 18 scrolls of teleportation
 h - 30 scrolls of remove curse
 j - 5 scrolls of blinking
 o - 3 scrolls of silence
 q - 6 scrolls of immolation
 r - a scroll of holy word
 A - 5 scrolls of magic mapping
 C - 7 scrolls of summoning
 L - 8 scrolls of fear
 U - 10 scrolls of recharging
Potions
 i - 4 potions of might
 m - 18 potions of haste
 p - 19 potions of heal wounds
 s - 5 potions of cancellation
 t - 8 potions of flight
 v - 17 potions of curing
 w - 4 potions of agility
 z - 5 potions of invisibility
 I - a potion of resistance
 P - 7 potions of magic
Miscellaneous
 k - a fan of gales
Comestibles
 d - 21 bread rations

Dungeon Overview and Level Annotations

Branches:
Dungeon (15/15)            Temple (0/1) D:5            Lair (8/8) D:9
  Swamp (4/4) Lair:4        Snake (4/4) Lair:4        Slime (0/6) Lair:7
    Orc (2/2) D:11            Elf (3/3) Orc:2        Vaults (4/5) D:13
  Crypt (0/3) Vaults:3     Depths (3/5) D:15

Altars:
Ashenzari
Dithmenos
Elyvilon
Fedhas
Hepliaklqana
Kikubaaqudgha
Makhleb
Nemelex Xobeh
Okawaru
Pakellas
Qazlal
Ru
Sif Muna
Trog
Ukayaw
Vehumet
The Shining One
Beogh
Jiyva

Shops:
D:14 *   D:15 %%%   Orc:2 ?!((   Snake:1 !   Vaults:2 =   Depths:1 !

Portals:
Hell: Depths:1 Depths:2 Depths:3
Pandemonium: Depths:3

Annotations:
Lair:1 Nergalle
Lair:5 exclusion: 3 oklob plants
Elf:2 5 runed doors, exclusion: 5 doors


Message History

Makhleb accepts your kill.
You feel better.
You closely miss Imyrex.
Imyrex is moderately wounded.
Imyrex gestures.
You slash Imyrex!
Imyrex is moderately wounded.
Imyrex hits you but does no damage.
You miss Imyrex.
Imyrex is moderately wounded.
You miss Imyrex. You headbutt Imyrex!
Imyrex is moderately wounded.
Imyrex gestures.
The Tzitzimitl gestures at you.
The bolt of negative energy hits Imyrex.
Imyrex completely resists.
The bolt of negative energy misses you.
You slice Imyrex like a ripe choko!!!
Imyrex is severely wounded.
You slash the green death!
The green death is lightly wounded.
Imyrex completely misses you.
You cut Imyrex into ribbons!!! Your headbutt misses Imyrex.
Imyrex is almost dead.
You hit the green death.
The green death is lightly wounded.
The green death hits you.
You completely miss Imyrex. You headbutt Imyrex.
Imyrex is almost dead.
Your chain mail of Evolution prevents you from hitting the Tzitzimitl.
You barely miss the green death.
The green death is lightly wounded.
Imyrex hits you!! The green death completely misses you.
The Tzitzimitl claws you.
The air around you putrefies into miasma!
The Tzitzimitl bites you but does no damage.
The Tzitzimitl closely misses you.
You completely miss Imyrex.
Imyrex is almost dead.
You closely miss the Tzitzimitl. You slice the green death!!
The green death is poisoned.
The green death is heavily wounded.
Imyrex gestures at you. The spray of energy hits you!
You are confused.
You're too confused to attack without stumbling around!
You're too confused to attack without stumbling around!
You're too confused to attack without stumbling around!
You're too confused to attack without stumbling around!
You are engulfed in dark miasma.
You feel your flesh rotting away!
You feel ill.
You die...

#########
##.......##
##[.200....##
#\![&.@.....##
#%>))100....\.#
##\!?........##
##.........##
##.......##
#########


You could see Imyrex, a Tzitzimitl and a green death.

Action                   |  1- 3 |  4- 6 |  7- 9 | 10-12 | 13-15 | 16-18 | 19-21 | 22-24 || total
-------------------------+-------+-------+-------+-------+-------+-------+-------+-------++-------
Melee: Hand axe          |    92 |    54 |       |       |       |       |       |       ||   146
       Headbutt          |     8 |    27 |    88 |   159 |   314 |   268 |   278 |   154 ||  1296
       War axe           |       |   111 |   354 |       |       |       |       |       ||   465
       Broad axe         |       |       |    47 |   628 |   714 |       |       |       ||  1389
       Executioner's axe |       |       |       |     7 |   549 |  1100 |  1149 |   553 ||  3358
 Cast: Regeneration      |       |       |       |       |       |       |       |    14 ||    14
Invok: Lesser Servant of |       |       |     2 |     5 |     2 |       |       |       ||     9
Evoke: Wand              |       |       |       |    10 |     7 |     4 |     3 |       ||    24
  Use: Scroll            |       |     5 |    11 |    12 |    24 |    11 |    17 |     1 ||    81
       Potion            |       |       |     2 |     3 |     7 |     3 |     9 |     2 ||    26
 Stab: Sleeping          |     1 |       |       |       |       |       |       |       ||     1
       Distracted        |       |       |       |     2 |     1 |       |     1 |     1 ||     5
  Eat: Chunk             |     2 |     9 |    14 |    14 |    31 |     9 |     7 |     6 ||    92
       Pizza             |       |       |     1 |     2 |     2 |     2 |       |       ||     7
       Beef jerky        |       |       |     1 |     2 |     6 |     6 |     4 |     2 ||    21
       Meat ration       |       |       |       |     1 |     1 |     1 |       |     1 ||     4
       Fruit             |       |       |       |     1 |     1 |    16 |     6 |     3 ||    27
       Royal jelly       |       |       |       |       |     2 |       |    10 |       ||    12
       Bread ration      |       |       |       |       |     2 |     1 |       |       ||     3
Armor: Leather armour    |    16 |     9 |       |       |       |       |       |       ||    25
       Ring mail         |       |    16 |       |       |       |       |       |       ||    16
       Chain mail        |       |     3 |   206 |   100 |   243 |       |   211 |   292 ||  1055
       Plate armour      |       |       |       |   188 |   467 |   875 |   417 |       ||  1947
       Skin              |       |       |       |    41 |       |       |       |       ||    41
Dodge: Dodged            |    55 |    97 |   158 |   325 |   721 |   713 |   641 |   338 ||  3048

Notes
Turn   | Place    | Note
--------------------------------------------------------------
     0 | D:1      | Duffy the Minotaur Skald began the quest for the Orb.
     0 | D:1      | Reached XP level 1. HP: 18/18 MP: 1/1
    28 | D:1      | Reached skill level 3 in Axes
   203 | D:1      | Reached XP level 2. HP: 15/25 MP: 3/3
   508 | D:1      | Reached skill level 4 in Axes
   777 | D:1      | Reached XP level 3. HP: 28/30 MP: 4/4
  1374 | D:2      | Reached skill level 5 in Axes
  1569 | D:2      | You fall through a shaft for 2 floors!
  1702 | D:4      | Reached XP level 4. HP: 34/37 MP: 5/5
  1798 | D:4      | Noticed a centaur
  1807 | D:4      | Killed a centaur
  1807 | D:4      | Reached skill level 6 in Axes
  1807 | D:4      | Reached XP level 5. HP: 4/42 MP: 6/6
  2371 | D:3      | Noticed Torax's ghost (amateur HuAK)
  2414 | D:3      | Noticed Ijyb
  2435 | D:3      | Killed Ijyb
  2435 | D:3      | Reached skill level 7 in Axes
  2564 | D:3      | Found a burning altar of Makhleb.
  2572 | D:3      | Became a worshipper of Makhleb the Destroyer
  3416 | D:3      | Reached XP level 6. HP: 50/50 MP: 7/7
  3442 | D:3      | Reached skill level 3 in Fighting
  3490 | D:3      | Reached * piety under Makhleb
  3504 | D:3      | Killed Torax's ghost
  3623 | D:3      | Reached skill level 4 in Fighting
  3623 | D:3      | Reached skill level 8 in Axes
  4089 | D:3      | Found a hazy altar of Hepliaklqana.
  4496 | D:4      | Reached XP level 7. HP: 60/60 MP: 8/8
  4502 | D:4      | Reached skill level 5 in Fighting
  4675 | D:4      | Reached ** piety under Makhleb
  4703 | D:4      | Reached skill level 9 in Axes
  4728 | D:4      | Reached skill level 6 in Fighting
  5357 | D:4      | Reached XP level 8. HP: 62/71 MP: 9/9
  5443 | D:4      | Reached skill level 2 in Armour
  5505 | D:5      | Entered Level 5 of the Dungeon
  5582 | D:5      | Reached skill level 2 in Dodging
  5608 | D:5      | Reached skill level 3 in Armour
  5725 | D:5      | Found Ferezat's Distillery.
  5770 | D:5      | Found a glowing drain.
  5775 | Sewer    | Entered a sewer
  5787 | Sewer    | Reached *** piety under Makhleb
  5859 | Sewer    | Found a white marble altar of Elyvilon.
  6086 | D:5      | Reached skill level 3 in Dodging
  6091 | D:5      | Reached skill level 10 in Axes
  6175 | D:5      | Reached skill level 4 in Armour
  6390 | D:5      | Found a staircase to the Ecumenical Temple.
  6566 | D:6      | Reached skill level 1 in Invocations
  6729 | D:6      | Reached skill level 2 in Invocations
  6751 | D:6      | Found a glowing golden altar of the Shining One.
  6797 | D:6      | Reached XP level 9. HP: 78/78 MP: 10/10
  6936 | D:6      | Reached skill level 3 in Invocations
  6967 | D:6      | You fall through a shaft!
  6979 | D:7      | Reached skill level 11 in Axes
  7001 | D:7      | Reached **** piety under Makhleb
  7114 | D:7      | Reached skill level 4 in Invocations
  7665 | D:6      | Found a radiant altar of Vehumet.
  7665 | D:6      | Found a shadowy altar of Dithmenos.
  7784 | D:7      | Reached skill level 5 in Invocations
  7839 | D:7      | Found an iron altar of Okawaru.
  7839 | D:7      | Found a sparkling altar of Nemelex Xobeh.
  7852 | D:7      | Got a crystal broad axe
  7856 | D:7      | Identified the +6 broad axe "Zougha Vudug" {pain, Dex+4} (You found it on level 7 of the Dungeon)
  7929 | D:7      | Found a hide-covered altar to Ukayaw.
  8070 | D:7      | Reached skill level 4 in Dodging
  8447 | D:7      | Noticed Menkaure
  8454 | D:7      | Killed Menkaure
  8454 | D:7      | Reached skill level 12 in Axes
  9111 | D:8      | Reached skill level 7 in Fighting
  9111 | D:8      | Reached skill level 5 in Armour
  9203 | D:7      | Reached ***** piety under Makhleb
  9306 | D:8      | Found a bloodstained altar of Trog.
  9306 | D:8      | Found a stormy altar of Qazlal.
  9306 | D:8      | Found a white marble altar of Elyvilon.
  9380 | D:8      | Noticed Joseph
  9382 | D:8      | Found a deep blue altar of Sif Muna.
  9394 | D:8      | Killed Joseph
  9394 | D:8      | Reached skill level 5 in Dodging
  9394 | D:8      | Reached XP level 10. HP: 48/86 MP: 12/12
 10030 | D:8      | Reached skill level 6 in Armour
 10156 | D:8      | Found a sacrificial altar of Ru.
 10636 | D:8      | Found an oddly glowing altar of Pakellas.
 10637 | D:8      | Noticed a manticore
 10746 | D:8      | Reached skill level 8 in Fighting
 10746 | D:8      | Reached skill level 6 in Dodging
 11083 | D:9      | Found a blossoming altar of Fedhas.
 11088 | D:9      | Reached skill level 7 in Armour
 11229 | D:9      | Found a shattered altar of Ashenzari.
 11263 | D:9      | Found a staircase to the Lair.
 11284 | D:9      | Reached skill level 13 in Axes
 11664 | D:9      | Reached skill level 8 in Armour
 12032 | D:10     | Entered Level 10 of the Dungeon
 12232 | D:10     | Found a stormy altar of Qazlal.
 12247 | D:10     | Found an oddly glowing altar of Pakellas.
 12250 | D:10     | Noticed a cyclops
 12289 | D:10     | Killed a cyclops
 12313 | D:10     | Noticed a brown ugly thing
 12336 | D:10     | Killed a brown ugly thing
 12336 | D:10     | Reached skill level 9 in Armour
 12336 | D:10     | Reached XP level 11. HP: 60/94 MP: 13/13
 13050 | D:10     | Reached skill level 14 in Axes
 13262 | D:10     | Reached skill level 10 in Armour
 13277 | D:10     | Reached ****** piety under Makhleb
 13287 | D:10     | Noticed a vampire knight
 13655 | Lair:1   | Entered Level 1 of the Lair of Beasts
 14038 | Lair:1   | Reached skill level 15 in Axes
 14043 | Lair:1   | Reached skill level 6 in Invocations
 14228 | Lair:1   | Noticed Nergalle
 14461 | Lair:2   | Reached XP level 12. HP: 102/102 MP: 15/15
 14985 | Lair:3   | Found a dark tunnel.
 14998 | Volcano  | Entered a volcano
 15014 | Volcano  | Reached skill level 11 in Armour
 15284 | Volcano  | Reached skill level 7 in Dodging
 15348 | Volcano  | Reached skill level 9 in Fighting
 16198 | Lair:4   | Found a staircase to the Snake Pit.
 16298 | Lair:4   | Reached skill level 16 in Axes
 16298 | Lair:4   | Reached skill level 8 in Dodging
 16400 | Lair:4   | Noticed Urug
 16423 | Lair:4   | Killed Urug
 16423 | Lair:4   | Reached skill level 10 in Fighting
 16483 | Lair:4   | You fall through a shaft for 2 floors!
 16682 | Lair:4   | Reached skill level 9 in Dodging
 16995 | Lair:4   | Reached skill level 1 in Evocations
 17192 | Lair:4   | Found a staircase to the Swamp.
 17709 | Lair:5   | Noticed a catoblepas
 17727 | Lair:5   | Killed a catoblepas
 17727 | Lair:5   | Reached skill level 2 in Evocations
 18082 | Lair:5   | Noticed a four-headed hydra
 18093 | Lair:5   | Killed a one-headed hydra
 18093 | Lair:5   | Reached XP level 13. HP: 110/113 MP: 16/16
 18351 | Lair:5   | Identified the Guide on Unstable Fire
 18528 | Lair:5   | Reached skill level 3 in Evocations
 18955 | Lair:6   | Reached skill level 17 in Axes
 18968 | Lair:6   | Reached skill level 4 in Evocations
 20015 | Lair:7   | Reached skill level 5 in Evocations
 20289 | Lair:7   | Reached skill level 6 in Evocations
 20482 | Lair:7   | Reached skill level 18 in Axes
 20546 | Lair:7   | Reached skill level 11 in Fighting
 20960 | Lair:7   | Found a viscous altar of Jiyva.
 20960 | Lair:7   | Found a staircase to the Slime Pits.
 21247 | Lair:8   | Entered Level 8 of the Lair of Beasts
 21631 | Lair:8   | Reached XP level 14. HP: 124/124 MP: 17/17
 21688 | Lair:8   | Reached skill level 10 in Dodging
 22376 | Lair:8   | Reached skill level 12 in Armour
 22927 | Lair:8   | Reached skill level 12 in Fighting
 23608 | D:11     | Noticed Maud
 24120 | D:9      | Killed a vampire knight
 24187 | D:10     | Killed Maud
 24558 | D:11     | Found a shadowy altar of Dithmenos.
 24700 | D:11     | Noticed Snorg
 24710 | D:11     | Killed Snorg
 24867 | D:11     | Found a stormy altar of Qazlal.
 24998 | D:11     | Found a staircase to the Orcish Mines.
 25526 | D:11     | Reached skill level 19 in Axes
 25526 | D:11     | Reached skill level 13 in Armour
 26233 | Orc:1    | Entered Level 1 of the Orcish Mines
 26358 | Orc:1    | Found a roughly hewn altar of Beogh.
 26522 | Orc:1    | Reached skill level 13 in Fighting
 26927 | Orc:2    | Entered Level 2 of the Orcish Mines
 27253 | Orc:2    | Found Yheryomm's Weapon Boutique.
 27270 | Orc:2    | Found Guiriex's Weapon Shop.
 27270 | Orc:2    | Noticed an orc warlord
 27499 | Orc:2    | Killed an orc warlord
 27499 | Orc:2    | Reached XP level 15. HP: 128/136 MP: 18/18
 27538 | Orc:2    | Found a roughly hewn altar of Beogh.
 27851 | Orc:2    | Noticed an orc warlord
 27852 | Orc:2    | Found a roughly hewn altar of Beogh.
 27864 | Orc:2    | Killed an orc warlord
 28103 | Orc:2    | Found Sikifo's Magic Scroll Shoppe.
 28246 | Orc:2    | Found Otoroklo's Distillery.
 28451 | Orc:2    | Found a staircase to the Elven Halls.
 28795 | Orc:2    | Reached skill level 14 in Armour
 29351 | Orc:2    | Bought a scroll of recharging for 142 gold pieces
 29351 | Orc:2    | Bought a scroll of recharging for 142 gold pieces
 29351 | Orc:2    | Bought a scroll of identify for 30 gold pieces
 29351 | Orc:2    | Bought a scroll of blinking for 112 gold pieces
 29351 | Orc:2    | Bought a scroll of enchant armour for 112 gold pieces
 29351 | Orc:2    | Bought a scroll of fog for 30 gold pieces
 29351 | Orc:2    | Bought a scroll of identify for 30 gold pieces
 29380 | Orc:2    | Bought a potion of curing for 42 gold pieces
 29380 | Orc:2    | Bought a potion of curing for 42 gold pieces
 29380 | Orc:2    | Bought a potion of invisibility for 112 gold pieces
 29380 | Orc:2    | Bought a potion of heal wounds for 70 gold pieces
 29380 | Orc:2    | Bought a potion of curing for 42 gold pieces
 29380 | Orc:2    | Bought a potion of haste for 140 gold pieces
 29380 | Orc:2    | Bought a potion of haste for 140 gold pieces
 30448 | D:13     | Reached skill level 14 in Fighting
 30459 | D:13     | Noticed Torax's ghost (journeyman HuAK)
 30469 | D:13     | Killed Torax's ghost
 30520 | D:13     | Found a burning altar of Makhleb.
 30725 | D:13     | Found a glowing golden altar of the Shining One.
 31103 | D:13     | Found a gate to the Vaults.
 31117 | D:13     | Reached skill level 20 in Axes
 31532 | D:14     | Found a labyrinth entrance.
 31538 | Lab      | Entered a labyrinth
 31782 | Lab      | Got a bound jade ring
 31784 | Lab      | Identified the ring "Vyrch" {+Blink rElec Stlth-} (You found it in a labyrinth)
 31826 | D:14     | Found a blossoming altar of Fedhas.
 32006 | D:14     | Reached skill level 15 in Armour
 32122 | D:14     | Noticed Sonja
 32483 | D:14     | Found Wofer's Assorted Antiques.
 32487 | D:14     | Killed Sonja
 32496 | D:14     | Noticed Josephine
 32507 | D:14     | Killed Josephine
 32788 | D:14     | Bought a diamond-encrusted plate armour for 616 gold pieces
 32800 | D:14     | Identified the +2 plate armour "Pygriq" {+Inv MP-9 Dex+3} (You bought it in a shop on level 14 of the Dungeon)
 32803 | D:14     | Bought a potion of haste for 220 gold pieces
 32803 | D:14     | Bought a scroll of teleportation for 66 gold pieces
 32803 | D:14     | Bought a scroll of fog for 44 gold pieces
 32803 | D:14     | Bought a scroll of teleportation for 66 gold pieces
 32803 | D:14     | Bought a potion of heal wounds for 110 gold pieces
 32803 | D:14     | Bought a potion of heal wounds for 110 gold pieces
 32803 | D:14     | Bought a scroll of fog for 44 gold pieces
 32820 | D:15     | Entered Level 15 of the Dungeon
 32987 | D:15     | Reached XP level 16. HP: 147/147 MP: 10/19
 33002 | D:15     | Reached skill level 15 in Fighting
 33236 | D:15     | Got a brightly glowing silver ring
 33250 | D:14     | Identified the ring "Wypyghef" {*Drain rElec rPois MR++ Dex-3 Slay+5} (You found it on level 15 of the Dungeon)
 33504 | Swamp:1  | Entered Level 1 of the Swamp
 34295 | Swamp:2  | Noticed Aizul
 34316 | Swamp:2  | Killed Aizul
 34943 | Swamp:2  | Reached skill level 16 in Armour
 35800 | Swamp:4  | Entered Level 4 of the Swamp
 35950 | Swamp:4  | Reached skill level 16 in Fighting
 35983 | Swamp:4  | Noticed a thorn hunter
 36119 | Swamp:4  | Killed a thorn hunter
 36119 | Swamp:4  | Reached skill level 21 in Axes
 36443 | Swamp:4  | Noticed a thorn hunter
 36459 | Swamp:4  | Killed a thorn hunter
 36815 | Swamp:4  | Reached XP level 17. HP: 110/159 MP: 11/20
 36819 | Swamp:4  | Reached skill level 17 in Armour
 36845 | Swamp:4  | Got a decaying rune of Zot
 37158 | Swamp:3  | Noticed Donald
 37175 | Swamp:3  | Killed Donald
 38198 | Snake:1  | Entered Level 1 of the Snake Pit
 38340 | Snake:1  | Reached skill level 17 in Fighting
 38773 | Snake:1  | Got a polished plate armour
 38774 | Snake:1  | Identified the +0 plate armour of Mucyd {MP+9} (You found it on level 1 of the Snake Pit)
 38796 | Snake:1  | Found Retex's Distillery.
 38800 | Snake:1  | Bought a potion of curing for 42 gold pieces
 38800 | Snake:1  | Bought a potion of curing for 42 gold pieces
 38800 | Snake:1  | Bought a potion of invisibility for 112 gold pieces
 38800 | Snake:1  | Bought a potion of agility for 56 gold pieces
 38800 | Snake:1  | Bought a potion of agility for 56 gold pieces
 38800 | Snake:1  | Bought a potion of cancellation for 112 gold pieces
 39540 | Snake:2  | Reached skill level 22 in Axes
 39669 | Snake:2  | Reached skill level 18 in Armour
 41209 | Snake:3  | Reached skill level 11 in Dodging
 41523 | Snake:3  | Noticed Nikola
 41533 | Snake:3  | Killed Nikola
 41533 | Snake:3  | Reached skill level 18 in Fighting
 41536 | Snake:3  | Noticed Kirke
 41546 | Snake:3  | Killed Kirke
 41546 | Snake:3  | Reached XP level 18. HP: 138/172 MP: 12/21
 42454 | Snake:4  | Entered Level 4 of the Snake Pit
 42795 | Snake:4  | Found a shattered altar of Ashenzari.
 42895 | Snake:4  | Reached skill level 12 in Dodging
 43786 | Snake:4  | Reached skill level 23 in Axes
 43802 | Snake:4  | Reached skill level 19 in Fighting
 43807 | Snake:4  | Reached skill level 13 in Dodging
 43852 | Snake:4  | Got a serpentine rune of Zot
 44566 | D:15     | Found Syoff's Food Emporium.
 44744 | D:15     | Reached XP level 19. HP: 183/183 MP: 13/22
 44755 | D:15     | Got a brightly glowing silver ring
 44757 | D:15     | Identified the ring "Pisescha" {Fire rElec MR+ Dex+2} (You found it on level 15 of the Dungeon)
 44921 | D:15     | Noticed Azrael
 44932 | D:15     | Found Paneeth's Food Emporium.
 44938 | D:15     | Killed Azrael
 44956 | D:15     | Paralysed by a giant eyeball for 2 turns
 45176 | D:15     | Got a clouded tin ring
 45177 | D:15     | Identified the ring "Ozxiutad" {rPois MR+ Int+3} (You found it on level 15 of the Dungeon)
 45279 | D:15     | Noticed Agnes
 45286 | D:15     | Killed Agnes
 45286 | D:15     | Reached skill level 14 in Dodging
 45291 | D:15     | Found a staircase to the Depths.
 45587 | D:15     | Found Kuyw's Food Emporium.
 45715 | D:15     | Upgraded the game from 0.19-a0-328-g3707654 to 0.19-a0-330-g034cfd4
 45898 | Elf:1    | Entered Level 1 of the Elven Halls
 46383 | Elf:1    | Reached skill level 20 in Fighting
 47017 | Elf:2    | Found a magical portal.
 47020 | Elf:2    | Found a flickering gateway to a bazaar.
 47030 | Bazaar   | Entered a bazaar
 47049 | Bazaar   | Found Ageasoumn's Distillery.
 47058 | Bazaar   | Bought a potion of heal wounds for 55 gold pieces
 47058 | Bazaar   | Bought a potion of haste for 110 gold pieces
 47058 | Bazaar   | Bought a potion of haste for 110 gold pieces
 47070 | Bazaar   | Found Syquq's Distillery.
 47078 | Bazaar   | Bought a potion of heal wounds for 55 gold pieces
 47078 | Bazaar   | Bought a potion of heal wounds for 55 gold pieces
 47078 | Bazaar   | Bought a potion of might for 44 gold pieces
 47103 | WizLab   | Entered The Hall of Tokeg Kege the Hellbinder
 47295 | WizLab   | Reached skill level 24 in Axes
 47324 | WizLab   | Noticed Tokeg Kege
 47339 | WizLab   | Killed Tokeg Kege the Hellbinder
 47344 | WizLab   | Found a burning altar of Makhleb.
 47389 | WizLab   | Identified the Tome of Slavery
 47394 | WizLab   | Identified Sif Muna's Guide on Companions (You found it in a wizard's laboratory)
 47972 | Elf:2    | Got a crude plate armour
 47973 | Elf:2    | Identified the +5 plate armour "Doubohik" {rN+ Str+6 Int+2} (You found it on level 2 of the Elven Halls)
 48067 | Elf:2    | Reached skill level 15 in Dodging
 48629 | Elf:2    | Found a huge runed gate.
 48629 | Elf:2    | Found a huge runed gate.
 48629 | Elf:2    | Found a huge runed gate.
 48631 | Elf:2    | Found a huge runed gate.
 48645 | Elf:2    | Found a huge runed gate.
 48940 | Elf:3    | Entered Level 3 of the Elven Halls
 49062 | Elf:3    | Reached XP level 20. HP: 195/195 MP: 23/23
 49897 | Elf:3    | Noticed Jorgrun
 49907 | Elf:3    | Reached skill level 16 in Dodging
 49910 | Elf:3    | Killed Jorgrun
 50502 | Elf:3    | Found an ancient bone altar of Kikubaaqudgha.
 50603 | Elf:3    | Reached skill level 25 in Axes
 50695 | Elf:3    | Reached skill level 17 in Dodging
 50822 | Elf:3    | Got a scintillating ivory ring
 50894 | Elf:3    | Identified the ring of Noona {rN+ Stlth-} (You found it on level 3 of the Elven Halls)
 51143 | Elf:3    | Got a faintly glowing platinum amulet
 51580 | Vaults:1 | Entered Level 1 of the Vaults
 52402 | Vaults:1 | Identified the amulet "Urerghes" {RegenMP rElec rN+ Str-4 Slay+3} (You took it off a deep elf death mage on level 3 of the Elven Halls)
 52783 | Vaults:2 | Got a heavily runed chain mail
 52794 | Vaults:2 | Identified the +7 chain mail of Evolution {rC+ Regen+ Str+4} (You found it on level 2 of the Vaults)
 52842 | Vaults:2 | Reached XP level 21. HP: 202/202 MP: 24/24
 53075 | Vaults:2 | Found Luzxuan's Jewellery Shop.
 53108 | Vaults:2 | Reached skill level 26 in Axes
 53377 | D:11     | Learned a level 3 spell: Regeneration
 53381 | D:11     | Learned a level 3 spell: Spectral Weapon
 53383 | D:11     | Learned a level 1 spell: Apportation
 53386 | D:11     | Learned a level 2 spell: Blink
 53391 | D:11     | Learned a level 4 spell: Passage of Golubria
 53670 | Vaults:2 | Reached skill level 1 in Necromancy
 53675 | Vaults:2 | Reached skill level 2 in Spellcasting
 53714 | Vaults:2 | Got a wavering bronze ring
 53740 | Vaults:2 | Identified the ring "Luokoidi" {SustAt Str+3} (You found it on level 2 of the Vaults)
 53819 | Vaults:2 | Reached skill level 3 in Charms
 53819 | Vaults:2 | Reached skill level 2 in Necromancy
 54330 | Vaults:2 | Reached skill level 3 in Spellcasting
 54531 | Vaults:3 | Reached skill level 3 in Necromancy
 54579 | Vaults:3 | Noticed no0bjke's ghost (adept DsFi)
 54594 | Vaults:3 | Killed no0bjke's ghost
 54854 | Vaults:3 | Reached skill level 4 in Charms
 54963 | Vaults:3 | Found a staircase to the Crypt.
 55282 | Vaults:3 | Reached skill level 4 in Spellcasting
 55316 | Vaults:3 | Reached skill level 4 in Necromancy
 55787 | Vaults:4 | Reached skill level 5 in Charms
 55797 | Vaults:4 | Reached skill level 5 in Necromancy
 56324 | Vaults:4 | Got a heavily runed shield
 56358 | Vaults:4 | Reached XP level 22. HP: 211/211 MP: 27/27
 56366 | Vaults:4 | Reached skill level 6 in Necromancy
 56368 | Vaults:4 | Reached skill level 6 in Charms
 56979 | Depths:1 | Entered Level 1 of the Depths
 57016 | Depths:1 | Found Heetitt's Distillery.
 57024 | Depths:1 | Bought a potion of beneficial mutation for 665 gold pieces
 57024 | Depths:1 | Bought a potion of heal wounds for 95 gold pieces
 57024 | Depths:1 | Bought a potion of heal wounds for 95 gold pieces
 57024 | Depths:1 | Bought a potion of heal wounds for 95 gold pieces
 57024 | Depths:1 | Bought a potion of haste for 190 gold pieces
 57024 | Depths:1 | Bought a potion of haste for 190 gold pieces
 57025 | Depths:1 | Gained mutation: You have large cloven feet. [potion of beneficial mutation]
 57152 | Depths:1 | Noticed Sojobo
 57153 | Depths:1 | Noticed Nattefrost's ghost (adept MiCK)
 57169 | Depths:1 | Killed Sojobo
 57175 | Depths:1 | Reached skill level 7 in Necromancy
 57203 | Depths:1 | Killed Nattefrost's ghost
 57258 | Depths:1 | Reached skill level 7 in Charms
 57282 | Depths:1 | Identified the Tome of the Floating Rocks
 57484 | Depths:1 | Found a gateway to Hell.
 57720 | Depths:2 | Reached skill level 8 in Necromancy
 58331 | Depths:2 | Reached skill level 8 in Charms
 58401 | Depths:2 | Found a glowing golden altar of the Shining One.
 58985 | Depths:3 | Found a gateway to a ziggurat.
 59040 | Depths:3 | Noticed Frederick
 59054 | Depths:3 | Killed Frederick
 59447 | Depths:3 | Reached skill level 9 in Necromancy
 59478 | Depths:3 | Noticed Jory
 59488 | Depths:3 | Killed Jory
 59686 | Depths:3 | Found a one-way gate leading to the halls of Pandemonium.
 59822 | Depths:3 | Noticed a juggernaut
 59832 | Depths:3 | Killed a juggernaut
 59832 | Depths:3 | Reached skill level 9 in Charms
 60255 | Depths:3 | Reached XP level 23. HP: 202/217 MP: 28/28
 60268 | Zig:1    | Entered Level 1 of a ziggurat
 60292 | Zig:2    | Entered Level 2 of a ziggurat
 60337 | Zig:3    | Entered Level 3 of a ziggurat
 60367 | Zig:4    | Entered Level 4 of a ziggurat
 60370 | Zig:4    | Noticed Imyrex the pandemonium lord
 60390 | Zig:4    | Engulfed by a Tzitzimitl's foul pestilence

Skill      XL: |  1  2  3  4  5  6  7  8  9 10 11 12 13 14 15 16 17 18 19 20 21 22 |
---------------+-------------------------------------------------------------------+-----
Axes           | 3 4 5 6 7 8 9 10 12 13 15 16 18 19 20 21 22 23 24 25 26 | 26.0
Fighting       | 4 6 7 8 10 11 13 14 16 18 19 20 | 20.4
Armour         | 4 5 9 10 11 13 15 16 18 | 18.0
Dodging        | 3 5 6 9 10 11 13 15 17 | 17.2
Invocations    | 2 5 6 |  6.5
Evocations     | 2 6 |  6.0
Necromancy     | 5 9 |  9.7
Spellcasting   | 4 |  4.5
Charms         | 5 9 |  9.4

Vault maps used:
D:1:      lightli_arrival_boilingwater
D:2:      minmay_misc_feat_tiny
D:3:      nicolae_overflow_hidden_temple, lemuel_crystal_altar, uniq_iyjb
D:4:      old_forge
D:5:      minmay_temple_entry_fiery, first_bread, portal_sewer_entry_e,
          kennysheep_windowed_goal
D:6:      lemuel_doored_altar, gammafunk_temple_overflow_wave
D:7:      kennysheep_little_box, gammafunk_temple_overflow_pools,
          kennysheep_generic_room_13, uniq_menkaure
D:8:      gammafunk_pakellas_spire_experiment, lemuel_coloured_pillars_altar,
          nicolae_ru_path_of_blood, gammafunk_temple_overflow_claw,
          hangedman_pestilent_swarm, uniq_joseph
D:9:      statuecave_lemuel, old_standard_altar, ashenzari_altar_1,
          david_lair_shrubbed, minivault_24
D:10:     basic_altar, nicolae_qazlal_style_of_elements
D:11:     minmay_ice_pillars, kennysheep_orc_monster_closet_entryway,
          basic_altar, nicolae_dithmenos_shadow_blocks, uniq_maud, uniq_snorg
D:12:     serial_bayou, serial_bayou_shore_b, serial_bayou_pond_a,
          serial_bayou_pond_b, serial_bayou_pond_a
D:13:     grunt_vaults_entry_tiered, basic_altar, nicolae_tso_carved_into_rock
D:14:     serial_shops, shop, fedhas_altar_2, lab_entry_generic, uniq_josephine,
          uniq_sonja
D:15:     hangedman_spin_cycle, serial_shops, uniq_azrael, uniq_agnes
Lair:1:   grunt_megastairs_1, uniq_nergalle
Lair:2:   infiniplex_staircase_pool, serial_bayou_shore_b
Lair:3:   enter_volcano_4, serial_bayou_shore_a, lemuel_fruit_tree,
          grunt_megastairs_3
Lair:4:   swamp_mist, guppyfry_snake_entry_garden, uniq_urug
Lair:5:   dpeg_oklob_gauntlet
Lair:6:   serial_bayou_crossing, grunt_megastairs_4
Lair:7:   forest_paths, dpeg_slime_entry_enclosed_altar,
          grunt_forest_stairs_clearing
Lair:8:   guppyfry_lair_end_dragon, hangedman_lair_tendril_chambers,
          grunt_forest_large_clearings
Swamp:1:  evilmike_swamp_ruin_rubble_2, lightli_tree_ring
Swamp:2:  evilmike_swamp_ruin_house_3, swamp_pool1, uniq_aizul
Swamp:3:  nicolae_swamp_feature_on_the_river_bank, uniq_donald
Swamp:4:  swamp_basic_johnstein
Snake:1:  serial_shops, shop, serial_bayou_shore_b
Snake:2:  nrook_loot_triangle, serial_bayou_lagoon_a, st_stairs_11
Snake:3:  basic_stair_grate_trap, uniq_nikola, uniq_kirke
Snake:4:  snake_pit_salamanders_mu, basic_altar
Orc:1:    mines2_david
Orc:2:    pubby_orc_utopia
Elf:1:    elf_arrival_001, hangedman_elven_crosses_minicolossus
Elf:2:    serial_shops, bzr_entry_water, mu_enter_wizlab_4, uniq_asterion
Elf:3:    nooodl_elf_gasket, basic_altar, uniq_jorgrun
Vaults:1: grunt_vaults_funnel, ontoclasm_vaults_loading_screen,
          nicolae_vaults_mini_display_case, vaults_room_pools
Vaults:2: v_misc_33, dpeg_vaults_monster_row, kb_rosetta,
          nicolae_vaults_little_squares_6, vaults_room_grid,
          ontoclasm_vaults_ligature, nicolae_vaults_big_ls,
          nicolae_vaults_three_branches, ontoclasm_vaults_hangar,
          vaults_room_grunt_arrival_checkpoint, v_rooms_5, vaults_room_hallway,
          vaults_room_pool, serial_shops, shop
Vaults:3: v_rooms_5, v_misc_28, minmay_crypt_entry_simple_corners,
          hangedman_vaults_snaps, ontoclasm_vaults_pinch,
          vaults_mumra_chevron_long, ontoclasm_vaults_decontamination,
          v_misc_29, vaults_mumra_minichess, vaults_room_corners
Vaults:4: vaults_room_pool, hangedman_vaults_restitches, v_misc_25,
          nicolae_vaults_network_barrier, v_alt_pattern_1, vaults_room_fours,
          vaults_room_fancy_cross, ontoclasm_vaults_hangar,
          hangedman_vaults_trim, vaults_room_grunt_arrival_ludios, v_misc_19
Depths:1: serial_shops, nicolae_shop_crystal, hellmouth_1, minmay_holes,
          grunt_ministairs_9, spider_trap, kennysheep_potato, uniq_sojobo
Depths:2: abrahamwl_protected_by_tso_3, hangedman_decor_growths,
          hangedman_coc_ice_floe, corexii_corridor_pit, grunt_megastairs_2,
          infiniplex_staircase_zigzag_2
Depths:3: kennysheep_big_flooded_room, enter_ziggurat_e,
          serial_co_window_serial, co_window_paths_a, co_window_paths_a,
          co_window_cross_1, co_window_paths_b, co_window_paths_a,
          co_window_paths_a, co_window_paths_a, co_window_corner_cb,
          co_window_cross_2, co_window_corner_cb, co_window_paths_c,
          co_window_of_opportunity_c, co_window_2corner, glass_columns_c,
          glass_columns_a, glass_columns_a, rand_demon_pan_entry_7, hell_entry,
          nrook_mini_vaults, uniq_jory, uniq_frederick
Lab:      labyrinth_skeletal_remains, nicolae_lab_garden
Bazaar:   dpeg_bazaar_wands
Sewer:    sewer_kobolds
Volcano:  volcano_aerie
WizLab:   wizlab_demon

Vanquished Creatures
  A juggernaut Sojobo Frederick Nikola Jory Jorgrun
  A Hellbinder
  The ghost of Nattefrost the Fencer, an adept MiCK of Xom
  An Ice Fiend
  A tentacled monstrosity
  The ghost of no0bjke the Fighter, an adept DsFi of Hepliaklqana
  3 deep elf master archers
  4 deep elf blademasters Agnes
  2 thorn hunters
  An Executioner
  2 sphinxes Kirke
  An ancient champion
  3 tengu reavers
  3 frost giants
  10 greater nagas Maud
  3 fire giants
  A daeva Donald
  8 deep elf sorcerers
  7 vault wardens
  8 deep elf elementalists
  10 ironheart preservers
  A reaper Aizul
  2 orc warlords
  8 very ugly things
  A war gargoyle
  12 deep elf demonologists
  8 stone giants
  A salamander stormcaller Azrael
  2 vampire knights
  10 deep elf annihilators
  A lorocyproca Snorg
  7 deep elf death magi
  2 blizzard demons
  5 ettins
  2 green deaths
  15 vault guards Josephine
  13 fire dragons
  A minotaur
  The ghost of Torax the Basher, a journeyman HuAK of Lugonu
  10 yaktaur captains
  5 deep elf high priests
  6 great orbs of eyes
  7 ice dragons
  An entropy weaver
  5 rakshasas
  27 hydras
  12 naga warriors
  18 centaur warriors
  A monstrous demonspawn
  2 catoblepae
  3 ghost crabs
  3 death knights
  19 anacondas
  A hell beast
  7 ogre magi
  3 death yaks
  15 alligators
  24 dancing weapons
  8 deep troll shamans
  3 deep troll earth magi
  4 spriggan berserkers
  6 tengu warriors
  7 orc high priests
  7 shock serpents
  3 small abominations
  13 deep elf knights
  15 naga sharpshooters
  3 soul eaters Sonja
  2 sun demons Urug
  2 fire crabs
  7 salamander mystics
  A fire crab (shapeshifter)
  A shadow wraith
  2 iron trolls
  3 skeletal warriors
  2 sea snakes
  A large abomination
  2 unseen horrors
  10 swamp dragons
  An unseen horror (shapeshifter)
  A flayed ghost
  7 naga ritualists
  2 giant orange brains
  9 orc knights
  7 necromancers
  5 lindwurms
  11 deep trolls
  13 deep elf archers
  2 shambling mangroves
  57 deep elf magi
  2 hill giants
  12 ironbrand convokers
  21 ugly things
  6 hornets
  8 wolf spiders
  A human zombie
  A hornet (shapeshifter)
  3 wizards
  6 griffons
  10 salamanders
  2 moths of wrath (shapeshifter)
  10 mana vipers
  5 orc sorcerers
  6 manticores
  8 vault sentinels
  2 rust devils
  A centaur zombie
  6 cyclopes
  An elephant
  47 black mambas
  A torpor snail Joseph
  10 guardian serpents
  21 naga magi
  4 ice statues
  2 molten gargoyles
  2 guardian serpents (shapeshifter)
  2 toenail golems
  A gargoyle
  An orange demon
  A salamander skeleton
  A spiny frog (shapeshifter)
  3 kobold demonologists
  27 spiny frogs
  5 rime drakes
  33 yaktaurs
  15 komodo dragons
  4 freezing wraiths
  An efreet
  A yaktaur (shapeshifter)
  2 hellwings
  A red devil
  An ice devil
  2 tengu conjurers
  5 spriggan druids
  A troll (shapeshifter)
  2 polar bears
  A queen bee (shapeshifter)
  9 trolls
  A giant leech
  A jumping spider (shapeshifter)
  34 slime creatures
  A two-headed ogre (shapeshifter)
  10 bog bodies
  4 boulder beetles
  A jumping spider
  12 two-headed ogres
  A blink frog (shapeshifter)
  12 blink frogs
  A raiju (shapeshifter)
  A stone giant simulacrum
  A flying skull
  4 air elementals
  5 redbacks
  22 spriggans
  A shadow
  A tarantella (shapeshifter)
  4 water elementals
  3 ynoxinuls
  10 wyverns
  41 yaks
  5 fire elementals
  7 wraiths
  6 hippogriffs
  A vampire
  A hog
  18 humans
  8 basilisks
  A yak (shapeshifter)
  A chaos spawn
  6 hungry ghosts
  A steam dragon
  16 vampire mosquitoes
  A human simulacrum
  4 soldier ants Menkaure
  A naga (shapeshifter)
  5 wargs
  19 insubstantial wisps
  6 mottled dragons
  48 nagas
  19 swamp worms
  14 porcupines
  19 water moccasins
  2 giant eyeballs
  4 hell hounds
  20 swamp drakes
  4 eyes of draining
  6 black bears
  An orc zombie
  2 sky beasts
  16 ice beasts
  An ice beast (shapeshifter)
  50 orc warriors
  2 phantoms
  14 wasps
  An elf zombie
  2 necrophages
  18 wolves
  11 boggarts
  47 ogres
  The ghost of Torax the Cudgeler, an amateur HuAK of Lugonu
  19 centaurs
  18 crocodiles
  9 big kobolds
  25 giant frogs
  A big kobold (shapeshifter)
  3 gnoll sergeants
  3 wyvern zombies
  3 earth elementals
  A water moccasin zombie
  12 scorpions
  5 killer bees
  An orc simulacrum
  9 wights
  5 howler monkeys
  3 electric eels
  13 crimson imps
  5 giant frog zombies
  7 jellies
  3 quasits
  11 hounds
  3 centaur skeletons
  32 orc priests Ijyb
  5 giant frog skeletons
  7 iguanas
  20 orc wizards
  21 worker ants
  A lightning spire
  A killer bee zombie
  27 sheep
  3 hound skeletons
  A worker ant zombie
  10 gnolls
  32 adders
  34 river rats
  4 shadow imps
  A white imp
  2 oozes
  An adder zombie
  2 worms
  3 dart slugs
  4 giant geckos
  128 orcs
  3 ball pythons
  7 giant cockroaches
  13 goblins
  9 hobgoblins
  4 jackals
  26 kobolds
  6 quokkas
  11 bats
  A giant gecko skeleton
  5 giant newts
  2 jackal skeletons
  A jackal zombie
  2 quokka skeletons
  11 rats
  2 briar patches
  2 bushes
  4 crawling corpses
  A fire vortex
  14 fungi
  32 plants
2119 creatures vanquished.
